 Dungeon Crawl Stone Soup version 0.30.0-19-g36f170ea60 (webtiles) character file.

Game seed: 14353778043141383353

5188 Amplified the Trooper (level 10, -8/79 HPs)
             Began as a Demonspawn Earth Elementalist on May 28, 2023.
             Was a Follower of Sif Muna.
             Mangled by a two-headed ogre
             ... wielding a +0 dire flail
              (28 damage)
             ... on level 11 of the Dungeon.
             The game lasted 00:29:24 (10755 turns).

Amplified the Trooper (DsEE)                       Turns: 10755, Time: 00:29:25

Health: -8/79      AC:  5    Str:  6 (8)  XL:     10   Next: 34%
Magic:  20/20      EV: 14    Int: 20 (21) God:    Sif Muna [*.....]
Gold:   494        SH:  5    Dex: 16      Spells: 5/23 levels left

rFire   + . .        c - +0 short sword (drain)
rCold   + . .        (no shield)
rNeg    . . .        y - +1 robe {rC+ rF+}
rPois   .            (helmet restricted)
rElec   .            u - scarf {shadows}
rCorr   .            (gloves unavailable)
SInv    .            b - +2 pair of boots
Will    .....        s - amulet of reflection
Stlth   +++          (no ring)
HPRegen 0.33/turn    (no ring)
MPRegen 0.17/turn

%: reflection
@: no status effects
A: claws 3, thin skeletal structure 1, ignite blood 1, demonic magic 1, beak,
deformed body, no potion heal 1, MP-powered wands
a: Renounce Religion, Channel Magic


You were on level 11 of the Dungeon.
You worshipped Sif Muna.
Sif Muna was aware of your devotion.
You visited 2 branches of the dungeon, and saw 13 of its levels.

You collected 584 gold pieces.
You spent 90 gold pieces at shops.

Inventory:

Hand Weapons
 c - a +0 short sword of draining (weapon)
 e - a +4 scimitar of flaming
Missiles
 t - 2 throwing nets
 w - 5 poisoned darts
Armour
 a - a +0 robe
 b - a +2 pair of boots (worn)
 i - a +1 pair of gloves
 j - the +5 chain mail of Elyvilon's Approval {Regen+}
   (You found it on level 4 of the Dungeon)

   Regen:     It increases your rate of health regeneration.
 u - a scarf of shadows (worn)
 y - a +1 robe of resistance (worn)
 A - the +4 pair of gloves of the Past {Drain rPois rN++ Regen+}
   (You found it on level 7 of the Dungeon)

   rPois:     It protects you from poison.
   rN:        It greatly protects you from negative energy.
   Regen:     It increases your rate of health regeneration.
   Drain:     It drains your maximum health when unequipped.
Jewellery
 g - a ring of protection from cold
 r - an amulet of the acrobat
 s - an amulet of reflection (around neck)
Wands
 h - a wand of digging (5)
 x - a wand of mindburst (10)
Scrolls
 k - a scroll of amnesia
 l - 2 scrolls of poison
 n - 3 scrolls of brand weapon
 q - a scroll of identify
Potions
 d - a potion of cancellation
 f - a potion of might
 o - a potion of flight
 p - a potion of curing


   Skills:
 * Level 7.5 Fighting
 * Level 3.6 Armour
 * Level 4.3 Dodging
 - Level 1.7 Stealth
 * Level 7.2 Spellcasting
 - Level 1.1 Transmutations
 * Level 6.4 Ice Magic
 * Level 4.2 Air Magic
 - Level 3.0 Earth Magic
 - Level 2.0 Poison Magic


You had 5 spell levels left.
You knew the following spells:

 Your Spells              Type           Power      Damage    Failure   Level
a - Sandblast             Erth           38%        2d10      2%          1
b - Poisonous Vapours     Pois/Air       38%        N/A       3%          2
c - Passwall              Tmut/Erth      12%        N/A       6%          2
d - Ozocubu's Armour      Ice            32%        N/A       1%          3
e - Freezing Cloud        Conj/Ice/Air   10%        6-21      52%         5
f - Ensorcelled Hibernat  Hex/Ice        40%        N/A       3%          2
g - Stone Arrow           Conj/Erth      26%        3d8       16%         3

Your spell library contained the following spells:

 Spells                   Type           Power      Damage    Failure   Level
 Cigotuvi's Dreadful Rot  Necr/Pois/Air  30%        N/A       6%          2
 Necrotise                Necr           28%        1d5       10%         1
 Mephitic Cloud           Conj/Pois/Air  15%        N/A       12%         3
 Spider Form              Tmut/Pois      13%        N/A       14%         3
 Ignite Poison            Fire/Tmut/Pois 11%        N/A       19%         3
 Gell's Gravitas          Tloc           7%         N/A       28%         3
 Teleport Other           Tloc           7%         N/A       28%         3
 Vampiric Draining        Necr           7%         2d6       28%         3
 Petrify                  Tmut/Erth      15%        N/A       36%         4
 Anguish                  Hex/Necr       3%         N/A       67%         4
 Agony                    Necr           7%         N/A       95%         5
 Ozocubu's Refrigeration  Ice            16%        4d11      99%         7
 Dispersal                Tloc           3%         N/A       100%        6


Dungeon Overview and Level Annotations

Branches:
Dungeon (12/15)            Temple (1/1) D:5
   Lair: D:8-11         Orc: D:9-12

Altars:
Ashenzari
Cheibriados
Dithmenos
Fedhas
Gozag
Hepliaklqana
Kikubaaqudgha
Nemelex Xobeh
Okawaru
Qazlal
Ru
Sif Muna
Trog
Uskayaw
Vehumet
Wu Jian
Xom
Yredelemnul
Jiyva

Shops:
D:1 =   D:3 =   D:4 (

Annotations:
D:4 sentinel's ghost, amateur MeEE
D:8 Amaemon


Innate Abilities, Weirdness & Mutations

You have claws for hands.
You have a somewhat thin skeletal structure. (Dex +2, Stealth+)
Your demonic aura sometimes causes spilled blood to erupt in flames.
Spells you cast may paralyse adjacent enemies.
You have a beak for a mouth.
Armour fits poorly on your strangely shaped body.
Potions are less effective at restoring your health.
You expend magic power (3 MP) to strengthen your wands.


Message History

Things that are here:
a +0 shortbow; a centaur corpse Memorise Ensorcelled Hibernation, consuming 2 spell levels and leaving 8?
You start memorising the spell.
You continue memorising. x2
You finish memorising.
Spell assigned to 'f'.
Unknown command.
Unknown command.
This spell is dangerous to cast!
Memorise Stone Arrow, consuming 3 spell levels and leaving 5?
You start memorising the spell.
You continue memorising. x3
You finish memorising.
Spell assigned to 'g'.
A two-headed ogre comes into view.
It is wielding a +0 dire flail and a +0 giant spiked club.
You open the door.
The two-headed ogre shouts in stereo!
Unknown command.
You close the door.
The two-headed ogre hits you with a +0 dire flail!
The two-headed ogre hits you with a +0 giant spiked club!!
Okay, then.
The two-headed ogre attacks as you move away!
You block the two-headed ogre's attack.
The two-headed ogre hits you with a +0 giant spiked club!
Okay, then.
Unknown command.
Unknown command.
The two-headed ogre attacks as you move away!
The two-headed ogre hits you with a +0 dire flail.
The two-headed ogre closely misses you.
Unknown command.
There is an open door here.
Unknown command.
The two-headed ogre attacks as you move away!
The two-headed ogre closely misses you. You block the two-headed ogre's attack.
Your system partially rejects the healing.
You feel much better.
The two-headed ogre attacks as you move away!
The two-headed ogre hits you with a +0 dire flail!!
* * * LOW HITPOINT WARNING * * *
The two-headed ogre hits you with a +0 giant spiked club!!
You die...

###+### #.....#
#.)#..# +.###.+
#.#.#.# #.....#
###'### #.O##
...... #.@.##
......
#H.+#...#+..D...
#?.####...#......
#. ##..#......
##+#####'###......
..................
..................
......>...........
.........##+###...


You could see a two-headed ogre.

Vanquished Creatures
  Erica (D:8)
  Maurice (D:8)
  A smoke demon (D:10)
  A komodo dragon (D:9)
  A troll (D:11)
  A wyvern (D:7)
  A fire bat (D:7)
  4 steam dragons
  An orc warrior (D:6)
  Pargi (D:4)
  An ice beast (D:7)
  A black bear (D:8)
  5 ogres
  4 centaurs
  A bullfrog (D:6)
  A kobold brigand (D:8)
  4 wights (D:6)
  4 killer bees (D:9)
  4 howler monkeys
  4 hounds
  A jelly (D:5)
  A cerulean imp (D:9)
  A gnoll bouda (D:4)
  4 orc priests
  5 iguanas
  Terence (D:3)
  5 orc wizards
  14 gnolls
  5 adders
  A shadow imp (D:7)
  3 ufetubi
  2 worms
  2 dart slugs
  20 orcs
  5 endoplasms
  A giant cockroach (D:4)
  7 hobgoblins
  6 jackals
  A quokka (D:2)
  6 ball pythons
  4 bats
  2 frilled lizards (D:3)
  8 goblins
  7 kobolds
  3 rats
157 creatures vanquished.

Notes
Turn   | Place    | Note
-------+----------+-------------------------------------------
     0 | D:1      | Amplified the Demonspawn Earth Elementalist began the quest
                  | for the Orb.
     0 | D:1      | Reached XP level 1. HP: 13/13 MP: 3/3
    73 | D:1      | Reached skill level 1 in Transmutations
   284 | D:1      | Gained mutation: Your demonic aura sometimes causes spilled
                  | blood to erupt in flames. [demonic ancestry]
   284 | D:1      | Reached XP level 2. HP: 20/20 MP: 3/5
   437 | D:1      | Found a faded altar of an unknown god.
   464 | D:1      | Found Lomnergh's Jewellery Shop.
   658 | D:1      | Reached skill level 1 in Fighting
   893 | D:2      | Learned a level 2 spell: Poisonous Vapours
  1017 | D:2      | Reached XP level 3. HP: 17/26 MP: 3/6
  1501 | D:3      | Reached skill level 1 in Poison Magic
  1586 | D:3      | Gained mutation: Spells you cast may paralyse adjacent
                  | enemies. [demonic ancestry]
  1586 | D:3      | Reached XP level 4. HP: 24/33 MP: 4/7
  1666 | D:3      | Reached skill level 1 in Air Magic
  1735 | D:3      | Learned a level 2 spell: Passwall
  2140 | D:3      | Found Dovin's Jewellery Emporium.
  2144 | D:3      | Noticed Terence
  2152 | D:3      | Killed Terence
  2153 | D:3      | Gained mutation: You have sharp fingernails. [demonic
                  | ancestry]
  2153 | D:3      | Reached XP level 5. HP: 38/38 MP: 6/9
  2584 | D:4      | Noticed Pargi
  2719 | D:4      | Found a transporter.
  2720 | D:4      | Found Milav's Weapon Emporium.
  2724 | D:4      | Found a transporter.
  2724 | D:4      | Noticed an ogre
  2725 | D:4      | Noticed sentinel's ghost (amateur MeEE)
  2795 | D:4      | Learned a level 3 spell: Ozocubu's Armour
  2987 | D:4      | Noticed an ogre
  2990 | D:4      | Noticed an ogre
  3412 | D:4      | Killed Pargi
  3413 | D:4      | Reached skill level 1 in Ice Magic
  3413 | D:4      | Reached XP level 6. HP: 40/47 MP: 4/11
  3893 | D:5      | Entered Level 5 of the Dungeon
  4040 | D:5      | Found a staircase to the Ecumenical Temple.
  4078 | Temple   | Entered the Ecumenical Temple
  4176 | Temple   | Became a worshipper of Sif Muna the Loreminder
  4474 | D:5      | Gained mutation: You have very sharp fingernails. [demonic
                  | ancestry]
  4474 | D:5      | Reached XP level 7. HP: 42/53 MP: 3/13
  5544 | D:6      | HP: 2/47 [wight/+3 morningstar (3)]
  5721 | D:5      | Reached skill level 5 in Spellcasting
  5807 | D:6      | Found Zin's Purification Station.
  5815 | D:6      | Bought a potion of curing for 90 gold pieces
  5820 | D:6      | Noticed a steam dragon
  5897 | D:7      | Noticed a steam dragon
  5909 | D:7      | Killed a steam dragon
  5910 | D:7      | Reached skill level 5 in Fighting
  5910 | D:7      | Reached XP level 8. HP: 52/61 MP: 6/15
  6020 | D:7      | Noticed Joseph
  6031 | D:7      | Joseph changed into Joseph the fire bat
  6031 | D:7      | Noticed Joseph
  6036 | D:7      | Killed Joseph the fire bat
  6188 | D:7      | Reached * piety under Sif Muna
  6708 | D:7      | Found a snail-covered altar of Cheibriados.
  6887 | D:7      | Identified the +4 pair of gloves of the Past {Drain rPois
                  | rN++ Regen+}
  7091 | D:7      | Learned a level 5 spell: Freezing Cloud
  7297 | D:8      | Noticed Erica
  7308 | D:8      | Killed Erica
  7309 | D:8      | Reached skill level 1 in Armour
  7309 | D:8      | Reached skill level 5 in Ice Magic
  7309 | D:8      | Gained mutation: You have claws for hands. [demonic
                  | ancestry]
  7309 | D:8      | Reached XP level 9. HP: 32/56 MP: 16/18
  7460 | D:8      | Noticed Amaemon
  7480 | D:10     | Entered Level 10 of the Dungeon
  7481 | D:10     | Noticed a hellwing
  7481 | D:10     | Noticed an ice devil
  7482 | D:10     | Gained mutation: You are clumsy. (Dex -2) [a neqoxec]
  7496 | D:10     | Noticed an ice devil
  7504 | D:10     | Noticed a soul eater
  7580 | D:10     | Lost mutation: You are clumsy. (Dex -2) [potion of
                  | mutation]
  7580 | D:10     | Gained mutation: You have a beak for a mouth. [potion of
                  | mutation]
  7580 | D:10     | Gained mutation: Armour fits poorly on your strangely
                  | shaped body. [potion of mutation]
  7580 | D:10     | Gained mutation: Potions are less effective at restoring
                  | your health. [potion of mutation]
  7580 | D:10     | Gained mutation: You expend magic power (3 MP) to
                  | strengthen your wands. [potion of mutation]
  7585 | D:11     | Found a viscous altar of Jiyva.
  7636 | D:10     | Noticed a smoke demon
  7652 | D:10     | Killed a smoke demon
  7793 | D:10     | Noticed a smoke demon
  7800 | D:9      | Noticed a komodo dragon
  7848 | D:9      | Killed a komodo dragon
  8009 | D:9      | Noticed a red ugly thing
  8287 | D:8      | Noticed Maurice
  8367 | D:8      | Killed Maurice
  8368 | D:8      | Gained mutation: You have a somewhat thin skeletal
                  | structure. (Dex +2, Stealth+) [demonic ancestry]
  8368 | D:8      | Reached XP level 10. HP: 34/79 MP: 20/20
  9713 | D:4      | Identified the +5 chain mail of Elyvilon's Approval
                  | {Regen+}
 10720 | D:11     | Noticed a manticore
 10740 | D:11     | Learned a level 2 spell: Ensorcelled Hibernation
 10744 | D:11     | Learned a level 3 spell: Stone Arrow
 10744 | D:11     | Noticed a two-headed ogre
 10755 | D:11     | Mangled by a two-headed ogre

Illustrated notes

Levels and vault maps discovered:
D:1:      lightli_arrival_boilingwater, layout_loops_cross, serial_shops,
          nicolae_shop_tiny_glass, shapermc_ecumenical_altar_mp_urbaneastern
D:2:      layout_loops_ring
D:3:      layout_basic, serial_shops, shop, kennysheep_boxes, uniq_terence
D:4:      layout_cave_pods, gammafunk_ghost_smash, serial_shops,
          nicolae_shop_bloodbath_and_beyond, uniq_pargi
D:5:      layout_cave_pools, minmay_temple_entry_sparse_star
D:6:      layout_layer_cave, zin_purify
D:7:      layout_basic, mainiacjoe_overflow_small_starburst, uniq_joseph
D:8:      layout_loops_cross, uniq_erica, uniq_maurice, uniq_amaemon
D:9:      layout_basic, mainiacjoe_overflow_alcove_1, uniq_maggie
D:10:     layout_layer_cave, david_orc_4, serial_demonic, serial_demonic_d,
          serial_demonic_f, serial_demonic_e, serial_demonic_a,
          serial_demonic_b, serial_demonic_d
D:11:     minmay_the_grid_square_5x5_3x3 [minmay_the_grid_square_5x5_inner_z,
          minmay_the_grid_square_5x5_beaten_path,
          minmay_the_grid_square_5x5_shrine2,
          minmay_the_grid_square_5x5_inner_v,
          minmay_the_grid_square_5x5_megaprize_open,
          minmay_the_grid_square_5x5_hollow_slash,
          minmay_the_grid_square_5x5_slash,
          minmay_the_grid_square_5x5_broken_cross,
          minmay_the_grid_square_5x5_tetrominoes], layout_irregular_city,
          erik_lair_orcish_takeover, jiyva_altar_1
D:12:     layout_basic
Temple:   nicolae_temple_bog_church

Skill      XL: |  1  2  3  4  5  6  7  8  9 10 |
---------------+-------------------------------+-----
Transmutations | 1 |  1.1
Fighting       | 1 2 3 5 6 7 |  7.5
Earth Magic    | 3 |  3.0
Poison Magic   | 1 2 |  2.0
Air Magic      | 1 2 3 4 |  4.2
Spellcasting   | 3 4 5 6 7 |  7.2
Ice Magic      | 1 2 3 5 6 |  6.4
Armour         | 1 3 |  3.6
Dodging        | 2 3 4 |  4.3
Stealth        | |  1.7

Action                     |  1- 3 |  4- 6 |  7- 9 | 10-12 || total
---------------------------+-------+-------+-------+-------++-------
  Melee: Short sword       |    57 |   149 |   212 |    45 ||   463
         Punch             |       |     1 |     1 |     1 ||     3
         Peck              |       |       |    19 |    12 ||    31
   Cast: Sandblast         |    31 |    28 |    64 |    31 ||   154
         Poisonous Vapours |       |    30 |    60 |    15 ||   105
         Ozocubu's Armour  |       |       |    10 |     3 ||    13
 Invoke: Channel Magic     |       |       |     1 |       ||     1
  Evoke: Wand              |       |     6 |    32 |       ||    38
    Use: Scroll            |     5 |     6 |     8 |     2 ||    21
         Potion            |     2 |     1 |    18 |     3 ||    24
   Stab: Sleeping          |     7 |       |       |     1 ||     8
         Paralysed         |       |    10 |    40 |    21 ||    71
         Invisible         |       |       |     1 |     1 ||     2
 Armour: Robe              |     1 |       |    45 |     8 ||    54
         Leather armour    |    11 |    60 |    28 |       ||    99
         Skin              |       |       |     8 |       ||     8
  Dodge: Dodged            |    38 |   145 |   152 |    32 ||   367
  Block: Other             |       |       |       |    13 ||    13
         Reflection        |       |       |       |     1 ||     1
